 Dungeon Crawl Stone Soup version 0.29-a0-813-g4a14ea37d6 (webtiles) character file.

Game seed: 9577722493877847064

4361 gobodom the Reanimator (level 10, -29/80 HPs)
             Began as a Demonspawn Necromancer on July 5, 2022.
             Was an Elder of Makhleb.
             Annihilated by a death knight
             ... wielding the +6 long sword of the Morning {speed, Contam Str+3 Int+8 Stlth+}
              (32 damage)
             ... on level 8 of the Dungeon.
             The game lasted 00:36:30 (8343 turns).

gobodom the Reanimator (Demonspawn Necromancer)     Turns: 8343, Time: 00:36:32

Health: -29/80     AC:  8    Str: 12    XL:     10   Next: 12%
Magic:  23/29      EV: 16    Int: 18    God:    Makhleb [****..]
Gold:   434        SH:  0    Dex: 13    Spells: 15/23 levels left

rFire   . . .      SeeInvis .   o - +3 quarterstaff (chaos)
rCold   . . .      Faith    .   (shield currently unavailable)
rNeg    . . .      Spirit   .   G - +0 steam dragon scales
rPois   .          Reflect  .   (no helmet)
rElec   +          Harm     .   p - +0 cloak
rCorr   .          Rampage  .   (no gloves)
Will    .....                   (no boots)
Stlth   ++........              r - amulet of the acrobat
HPRegen 0.23/turn               e - +4 ring of evasion
MPRegen 0.21/turn               k - ring of magical power

@: invisible
A: claws 2, powered by death 2, sharp scales 2, robust 1, electricity resistance
a: Renounce Religion, Minor Destruction, Lesser Servant of Makhleb, Major
Destruction


You were on level 8 of the Dungeon.
You worshipped Makhleb.
Makhleb was greatly pleased with you.
You visited 2 branches of the dungeon, and saw 9 of its levels.

You collected 434 gold pieces.

Inventory:

Hand Weapons
 a - a +3 trident of venom
 o - a +3 quarterstaff of chaos (weapon)
 x - the +7 short sword of Jocular Valour {antimagic, Drain Str+2 Int+4}
   (You found it on level 4 of the Dungeon)

   It reduces the magical energy of the wielder, and disrupts the spells and
   magical abilities of those it strikes.
   Natural abilities and divine invocations are not affected.
   Str:       It affects your strength (+2).
   Int:       It affects your intelligence (+4).
   Drain:     It drains your maximum health when unequipped.
 y - a +4 short sword of freezing
Missiles
 z - 18 boomerangs
 C - 14 poisoned darts
Armour
 p - a +0 cloak (worn)
 u - the +3 leather armour of the Flute {+Inv rC- rN+ Str+6}
   (You found it on level 3 of the Dungeon)

   Str:       It affects your strength (+6).
   rC:        It makes you vulnerable to cold.
   rN:        It protects you from negative energy.
   +Inv:      It lets you turn invisible.
 G - +0 steam dragon scales (worn)
Jewellery
 e - a +4 ring of evasion (left claw)
 i - a ring of see invisible
 k - a ring of magical power (right claw)
 r - an amulet of the acrobat (around neck)
 s - a +4 ring of evasion
 F - an amulet of faith
Wands
 b - a wand of polymorph (2)
 c - a wand of paralysis (11)
 j - a wand of mindburst (12)
 v - a wand of iceblast (7)
 B - a wand of flame (20)
 E - a wand of light (4)
 H - a wand of digging (3)
Scrolls
 d - 3 scrolls of noise
 h - a scroll of magic mapping
 n - a scroll of brand weapon
 t - a scroll of fog
 A - a scroll of immolation
Potions
 f - 4 potions of flight
 g - 4 potions of curing
 l - a potion of mutation
 D - 2 potions of resistance


   Skills:
 + Level 4.5 Fighting
 + Level 1.4 Short Blades
 + Level 5.7 Staves
 + Level 1.2 Throwing
 + Level 2.4 Armour
 + Level 3.0 Dodging
 + Level 2.5 Stealth
 + Level 0.3 Unarmed Combat
 + Level 7.1 Spellcasting
 + Level 9.6 Necromancy
 + Level 3.8 Invocations


You had 15 spell levels left.
You knew the following spells:

 Your Spells              Type           Power      Damage    Failure   Level
a - Necrotise             Necr           100%       1d9       1%          1
b - Vampiric Draining     Necr           41%        2d8       1%          3
c - Animate Dead          Necr           41%        N/A       1%          4

Your spell library contained the following spells:

 Spells                   Type           Power      Damage    Failure   Level
 Agony                    Necr           41%        N/A       5%          5
 Sandblast                Erth           12%        2d6       11%         1
 Passwall                 Tmut/Erth      5%         N/A       16%         2
 Conjure Flame            Conj/Fire      6%         6-21      32%         3
 Gell's Gravitas          Tloc           6%         N/A       32%         3
 Ignite Poison            Fire/Tmut/Pois 6%         N/A       32%         3
 Stone Arrow              Conj/Erth      12%        3d7       32%         3
 Teleport Other           Tloc           6%         N/A       32%         3
 Sticky Flame             Conj/Fire      6%         2d3       71%         4
 Dispersal                Tloc           3%         N/A       100%        6


Dungeon Overview and Level Annotations

Branches:
Dungeon (8/15)             Temple (1/1) D:4
   Lair: D:8-11

Altars:
Ashenzari
Cheibriados
Dithmenos
Fedhas
Gozag
Hepliaklqana
Kikubaaqudgha
Makhleb
Nemelex Xobeh
Okawaru
Qazlal
Ru
Sif Muna
Trog
Uskayaw
Vehumet
Wu Jian
Xom
Yredelemnul


Innate Abilities, Weirdness & Mutations

You have very sharp fingernails.
You regenerate health from kills.
You are mostly covered in razor-sharp scales. (AC +2, Slay +2)
You are robust. (+10% HP)
You are resistant to electric shocks. (rElec)


Message History

The death knight attacks as you move away!
The death knight hits you with the +6 long sword of the Morning {speed, Contam Str+3 Int+8 Stlth+}!
Things that are here:
a +0 battleaxe; a +0 leather armour You sock the death knight!
You freeze the death knight.
The death knight is lightly wounded.
The death knight hits you with the +6 long sword of the Morning {speed, Contam Str+3 Int+8 Stlth+}!
You hit the death knight.
The death knight is lightly wounded.
The death knight hits you with the +6 long sword of the Morning {speed, Contam Str+3 Int+8 Stlth+}!!
The death knight hits you with the +6 long sword of the Morning {speed, Contam Str+3 Int+8 Stlth+}!
* * * LOW HITPOINT WARNING * * *
Unknown command.
Aiming: Paralyse
Press: ? - help, Q - select action, (/) - cycle Shift-Dir - straight line, f/p - death knight
Aim: a death knight, wielding the +6 long sword of the Morning {speed, Contam Str+3 Int+8 Stlth+} and wearing a +0 chain mail (lightly wounded, chance to affect: 7%)
The death knight resists with almost no effort.
The death knight mumbles some strange prayers to Yredelemnul against you.
You struggle to resist.
Aiming: Mindburst
Press: ? - help, Q - select action, (/) - cycle Shift-Dir - straight line, f/p - death knight
Aim: a death knight, wielding the +6 long sword of the Morning {speed, Contam Str+3 Int+8 Stlth+} and wearing a +0 chain mail (lightly wounded, chance to affect: 16%)
The death knight resists with almost no effort.
You hear a deafening roar!
The death knight hits you with the +6 long sword of the Morning {speed, Contam Str+3 Int+8 Stlth+}!
* * * LOW HITPOINT WARNING * * *
Unknown command.
Casting: Necrotise (safe; 1% risk of failure)
Confirm with . or Enter, or press ? or * to list all spells.
Aiming: Vampiric Draining (safe; 1% risk of failure)
Press: ? - help, Shift-Dir - straight line, f/p - death knight
Aim: a death knight, wielding the +6 long sword of the Morning {speed, Contam Str+3 Int+8 Stlth+} and wearing a +0 chain mail (lightly wounded)
You draw life force from the death knight.
You feel life coursing into your body.
The death knight hits you with the +6 long sword of the Morning {speed, Contam Str+3 Int+8 Stlth+}!
* * * LOW HITPOINT WARNING * * *
The death knight misses you.
You fade into invisibility!
The death knight hits you with the +6 long sword of the Morning {speed, Contam Str+3 Int+8 Stlth+}!!
You die...

♣.♣ ♣.♣ ♣.♣ ♣♣.♣♣
♣♣♣♣♣♣♣♣♣♣♣♣♣ ♣...♣
♣.)..))..)..♣ ♣...♣
♣.♣♣♣♣♣♣♣♣♣.♣ ♣...♣
♣.♣......#♣.♣
#♣...♣♣♣.♣p####.#♣.♣
#........♣@# ♣.♣
#♣...♣♣♣.♣.# ♣.♣
♣...♣ ♣.♣[# ♣.♣
♣...♣ ♣.♣.♣♣♣♣♣♣♣.♣
♣...♣ ♣.♣.........♣
♣♣.♣♣ ♣.♣♣♣♣♣♣♣♣♣♣♣
♣. ♣.. ♣. ♣♣♣


You could see a death knight (unable to see you).

Vanquished Creatures
  A komodo dragon (D:5)
  Grinder (D:6)
  Sigmund (D:4)
  A steam dragon (D:7)
  Menkaure (D:5)
  A water moccasin (D:7)
  2 orc warriors
  2 sky beasts
  A black bear (D:6)
  An ice beast (D:5)
  An ogre (D:6)
  3 centaurs
  The ghost of wingedge the Sneak, an amateur OpEn (D:5)
  A gnoll sergeant (D:8)
  2 bullfrogs (D:7)
  4 necrophages
  3 scorpions
  5 wights (D:4)
  3 howler monkeys
  An electric eel (D:6)
  A crimson imp (D:7)
  A centaur zombie (D:5)
  2 bullfrog zombies (D:5)
  2 orc priests
  Crazy Yiuf (D:2)
  8 hounds
  2 jellies
  2 gnoll boudas
  4 iguanas
  5 orc wizards
  20 gnolls
  6 adders
  A shadow imp (D:7)
  3 white imps (D:7)
  2 ufetubi (D:6)
  A worm (D:4)
  3 dart slugs
  20 orcs
  2 endoplasms
  3 giant cockroaches
  8 goblins
  A hobgoblin (D:2)
  4 quokkas
  8 ball pythons
  6 bats
  2 frilled lizards
  6 kobolds
  3 rats
163 creatures vanquished.

Vanquished Creatures (collateral kills)
  A water moccasin (D:7)
  A scorpion (D:7)
  A howler monkey (D:7)
  A jelly (D:6)
  An orc wizard (D:5)
  A gnoll (D:5)
  A dart slug (D:1)
  3 orcs
  An endoplasm (D:2)
  A hobgoblin (D:4)
  A goblin (D:2)
  A bush (D:5)
14 creatures vanquished.

Vanquished Creatures (others)
  2 howler monkey zombies (D:7)
  An adder zombie (D:5)
  2 gnoll zombies (D:6)
  2 quokka zombies (D:5)
  A bush (D:5)
  20 plants
28 creatures vanquished.

Grand Total: 205 creatures vanquished

Notes
Turn   | Place    | Note
-------+----------+-------------------------------------------
     0 | D:1      | gobodom the Demonspawn Necromancer began the quest for the
                  | Orb.
     0 | D:1      | Reached XP level 1. HP: 13/13 MP: 3/3
     7 | D:1      | You fall into a shaft and drop 1 floor!
    53 | D:1      | Found a faded altar of an unknown god.
    77 | D:1      | Prayed at the altar of an unknown god.
    77 | D:1      | Became a worshipper of Makhleb the Destroyer
    77 | D:1      | Reached * piety under Makhleb
   276 | D:1      | Gained mutation: You regenerate a little health from kills.
                  | [demonic ancestry]
   276 | D:1      | Reached XP level 2. HP: 19/19 MP: 0/5
   456 | D:1      | Reached skill level 5 in Necromancy
  1094 | D:2      | Reached XP level 3. HP: 24/24 MP: 6/6
  1297 | D:2      | Found a runed translucent door.
  1298 | D:2      | Noticed Crazy Yiuf
  1327 | D:2      | Reached ** piety under Makhleb
  1551 | D:2      | Learned a level 3 spell: Vampiric Draining
  1675 | D:2      | Killed Crazy Yiuf
  1676 | D:2      | Reached XP level 4. HP: 30/30 MP: 8/8
  1797 | D:3      | Gained mutation: You are resistant to electric shocks.
                  | (rElec) [potion of mutation]
  1797 | D:3      | Gained mutation: You are robust. (+10% HP) [potion of
                  | mutation]
  2292 | D:3      | Found a shimmering blue altar of Sif Muna.
  2386 | D:3      | Gained mutation: You have sharp fingernails. [demonic
                  | ancestry]
  2386 | D:3      | Reached XP level 5. HP: 39/39 MP: 10/10
  2638 | D:3      | Identified the +3 leather armour of the Flute {+Inv rC- rN+
                  | Str+6}
  2839 | D:4      | Identified the +7 short sword of Jocular Valour {antimagic,
                  | Drain Str+2 Int+4}
  2864 | D:4      | Reached skill level 1 in Fighting
  2930 | D:4      | Noticed Sigmund
  2954 | D:4      | Reached skill level 1 in Staves
  2954 | D:4      | Gained mutation: You have very sharp fingernails. [demonic
                  | ancestry]
  2954 | D:4      | Reached XP level 6. HP: 45/48 MP: 6/11
  2995 | D:4      | Reached skill level 1 in Invocations
  3042 | D:4      | Gained mutation: You regenerate health from kills. [demonic
                  | ancestry]
  3042 | D:4      | Reached XP level 7. HP: 34/56 MP: 7/13
  3052 | D:4      | Killed Sigmund
  3205 | D:4      | Reached skill level 1 in Short Blades
  3205 | D:4      | Reached skill level 6 in Necromancy
  3349 | D:4      | Found a staircase to the Ecumenical Temple.
  3358 | Temple   | Entered the Ecumenical Temple
  3573 | D:4      | Learned a level 4 spell: Animate Dead
  3750 | D:4      | Reached *** piety under Makhleb
  3859 | D:4      | Found a large runed translucent door.
  3863 | D:4      | Found a large runed translucent door.
  3873 | D:4      | Found a basalt altar of Yredelemnul.
  3884 | D:4      | Found an iron altar of Okawaru.
  4564 | D:5      | Entered Level 5 of the Dungeon
  4584 | D:5      | Noticed Menkaure
  4602 | D:5      | Killed Menkaure
  4603 | D:5      | Reached skill level 1 in Armour
  4603 | D:5      | Reached XP level 8. HP: 36/61 MP: 10/15
  4702 | D:5      | Noticed a komodo dragon
  4711 | D:5      | Killed a komodo dragon
  4712 | D:5      | Reached skill level 5 in Spellcasting
  4798 | D:5      | Reached skill level 7 in Necromancy
  5125 | D:5      | Found a transporter.
  5128 | D:5      | Found a transporter.
  5128 | D:5      | Noticed wingedge's ghost (amateur OpEn)
  5144 | D:5      | Reached skill level 8 in Necromancy
  5149 | D:5      | Killed wingedge's ghost
  5150 | D:5      | Gained mutation: You are partially covered in razor-sharp
                  | scales. (AC +1, Slay +1) [demonic ancestry]
  5150 | D:5      | Reached XP level 9. HP: 70/70 MP: 7/18
  5308 | D:5      | Found a blossoming altar of Fedhas.
  5552 | D:6      | Noticed Grinder
  5561 | D:6      | Paralysed by Grinder for 4 turns
  5568 | D:6      | Killed Grinder
  5841 | D:6      | Reached skill level 1 in Throwing
  5912 | D:6      | Reached **** piety under Makhleb
  6120 | D:6      | Reached skill level 9 in Necromancy
  6389 | D:6      | Found a hazy altar of Hepliaklqana.
  6629 | D:7      | HP: 3/71 [steam dragon] (4)]
  6655 | D:7      | Reached skill level 5 in Staves
  7376 | D:7      | Gained mutation: You are mostly covered in razor-sharp
                  | scales. (AC +2, Slay +2) [demonic ancestry]
  7376 | D:7      | Reached XP level 10. HP: 80/80 MP: 20/20
  8332 | D:8      | Identified the +6 long sword of the Morning {speed, Contam
                  | Str+3 Int+8 Stlth+}
  8332 | D:8      | Noticed a death knight
  8342 | D:8      | HP: 2/80 [death knight/the +6 long sword of the Morning
                  | {speed, Contam Str+3 Int+8 Stlth+} (11)]
  8343 | D:8      | Annihilated by a death knight

Illustrated notes

Levels and vault maps discovered:
D:1:      psy_arrival_radial01, layout_rooms, hellmonk_ecumenical_altar_lost_god
D:2:      layout_basic, chequers_serial_rivers_marsh, uniq_crazy_yiuf_cottage
D:3:      layout_loops_ring, lemuel_blue_sif_altar
D:4:      layout_layer_cave, jmf_multi_god_temple2, minmay_temple_entry_waves,
          uniq_sigmund
D:5:      layout_cave_pools, fedhas_altar_decomposition, gammafunk_ghost_arena,
          uniq_menkaure
D:6:      layout_rooms, worldfamousw_hep_ancestral_shrine,
          serial_bayou_lagoon_a, supply_closet_lemuel, nicolae_titane,
          uniq_grinder
D:7:      layout_basic, grunt_decor_junction, chequers_serial_rivers_micro_d,
          minmay_fire_ice_demons
D:8:      nzn_winding_woodlands_large [nzn_winding_woodlands_5x5_perimeter,
          nzn_winding_woodlands_5x15_pockets,
          nzn_winding_woodlands_5x5_checkerboard,
          nzn_winding_woodlands_center_diamonds,
          nzn_winding_woodlands_15x15_boxy_spiral,
          nzn_winding_woodlands_center_pierced_h,
          nzn_winding_woodlands_5x5_cross, nzn_winding_woodlands_5x15_default,
          nzn_winding_woodlands_5x5_default], layout_rooms, bloody_makhleb,
          enter_ossuary_1, uniq_erica
Temple:   lightli_temple_of_artemis

Skill      XL: |  1  2  3  4  5  6  7  8  9 10 |
---------------+-------------------------------+-----
Necromancy     | 5 6 8 9 |  9.6
Stealth        | 2 |  2.5
Spellcasting   | 3 4 6 7 |  7.1
Fighting       | 1 2 3 4 |  4.5
Staves         | 1 3 5 |  5.7
Invocations    | 2 3 |  3.8
Dodging        | 2 3 |  3.0
Short Blades   | 1 |  1.4
Armour         | 1 2 |  2.4
Throwing       | 1 |  1.2
Unarmed Combat | |  0.3

Action                   |  1- 3 |  4- 6 |  7- 9 | 10-12 || total
-------------------------+-------+-------+-------+-------++-------
Melee: Unarmed           |    10 |       |       |       ||    10
       Punch             |     1 |       |       |       ||     1
       Quarterstaff      |       |    28 |   161 |    23 ||   212
       Short sword       |       |    28 |    36 |       ||    64
Throw: Boomerang         |       |       |    17 |       ||    17
 Cast: Necrotise         |    60 |    32 |    95 |    44 ||   231
       Vampiric Draining |     1 |     1 |    23 |     1 ||    26
       Animate Dead      |       |       |     3 |       ||     3
Invok: Minor Destruction |       |     5 |     1 |       ||     6
       Lesser Servant of |       |       |     1 |       ||     1
Evoke: Wand              |       |       |     1 |     2 ||     3
  Use: Scroll            |       |     4 |    11 |     1 ||    16
       Potion            |       |     1 |     2 |     2 ||     5
 Stab: Distracted        |       |       |     1 |       ||     1
Armor: Robe              |     3 |     2 |       |       ||     5
       Leather armour    |       |     7 |    66 |       ||    73
       Steam dragon scal |       |       |     1 |    11 ||    12
Dodge: Dodged            |    15 |    60 |   250 |    37 ||   362

Table legend: (Time is in decaauts)
 A = Elapsed time spent in this place.
 B = Non-inter-level travel time spent in this place.
 C = Inter-level travel time spent in this place.
 D = Time resting spent in this place.
 E = Time spent auto-exploring this place.
 F = Levels seen in this place.
 G = Mean time per level.
                   A        B        C        D        E       F      G
               +--------+--------+--------+--------+--------+-----+--------+
         Total |   8385 |   8024 |    361 |    237 |   6090 |   9 |  931.7 |
       Dungeon |   8276 |   7915 |    361 |    237 |   6006 |   8 | 1034.5 |
        Temple |    108 |    108 |      0 |      0 |     84 |   1 |  108.0 |
               +--------+--------+--------+--------+--------+-----+--------+

Top non-repeatable levels by time:
     D:4: 1717 daAuts
     D:7: 1611 daAuts
     D:5: 1000 daAuts
     D:6: 996 daAuts
     D:3: 965 daAuts
     D:2: 947 daAuts
     D:1: 837 daAuts
     D:8: 200 daAuts
  Temple: 108 daAuts
